 Dungeon Crawl Stone Soup version 0.19.0-19-g8c6edcc (webtiles) character file.

127 Jerry the Covered (level 5, -2/41 HPs)
             Began as a Formicid Abyssal Knight on Nov 13, 2016.
             Was a Believer of Lugonu.
             Slain by a centaur (3 damage)
             ... on level 3 of the Dungeon.
             The game lasted 00:08:41 (3421 turns).

Jerry the Covered (Formicid Abyssal Knight)         Turns: 3421, Time: 00:08:42

Health: -2/41      AC:  7    Str: 23    XL:     5   Next: 33%
Magic:  16/16      EV: 16    Int: 11    God:    Lugonu [**....]
Gold:   128        SH:  0    Dex: 15    Spells: 0 memorised, 4 levels left

rFire  + . .     SeeInvis +     a - +1 hand axe
rCold  + . .     Gourm    .     n - +0 ring mail
rNeg   . . .     Faith    .     (no shield)
rPois  +         Spirit   .     (helmet unavailable)
rElec  +         Reflect  .     (no cloak)
rCorr  +         Harm     .     (no gloves)
MR     .....                    h - +0 pair of boots
Stlth  ++........               (no amulet)
                                (no ring)
                                e - ring of magical power

@: mighty, agile, resistant
A: permanent stasis, dig shafts and tunnels, four strong arms, antennae 3
a: Dig, Shaft Self, Depart the Abyss, Bend Space, Renounce Religion


You were on level 3 of the Dungeon.
You worshipped Lugonu.
Lugonu was pleased with you.
You were not hungry.

You visited 1 branch of the dungeon, and saw 4 of its levels.
You visited the Abyss 1 time.

You collected 128 gold pieces.

Inventory:

Hand Weapons
 a - a +1 hand axe (weapon)
Missiles
 i - 17 poisoned needles (quivered)
Armour
 h - a +0 pair of boots (worn)
 n - a +0 ring mail (worn)
Jewellery
 e - a ring of magical power (left hand)
Scrolls
 g - 2 scrolls of fear {unknown}
 k - a scroll of enchant armour {unknown}
 l - a scroll of remove curse {unknown}
 o - a scroll of fog {unknown}
 p - 2 scrolls of teleportation {unknown}
 q - a scroll of enchant weapon {unknown}
 s - a scroll of magic mapping {unknown}
Potions
 b - a potion of degeneration {unknown}
 d - 4 potions of might
 m - 2 potions of haste
Comestibles
 c - 3 bread rations
 j - 2 chunks of flesh


   Skills:
 - Level 3.2 Fighting
 + Level 3.4 Axes
 + Level 3.7 Armour
 - Level 0.8 Dodging
 + Level 3.6 Invocations


You had 4 spell levels left.
You didn't know any spells.

Dungeon Overview and Level Annotations

Branches:
Dungeon (4/15)
 Temple: D:4-7

Altars:
Makhleb
Trog

Shops:
D:4 [


Innate Abilities, Weirdness & Mutations

You are under a permanent stasis effect.
You can dig through walls and to a lower floor.
Your four strong arms can wield two-handed weapons with a shield.
You have a pair of large antennae on your head. (SInv)


Message History

The centaur hits you but does no damage.
You barely miss the centaur.
The centaur is moderately wounded.
The centaur hits you.
* * * LOW HITPOINT WARNING * * *
The centaur hits you but does no damage.
You hit the centaur.
The centaur is moderately wounded.
The centaur hits you!
* * * LOW HITPOINT WARNING * * *
The centaur closely misses you.
It was a potion of resistance.
You feel protected. The centaur closely misses you.
It was a potion of agility.
You feel agile all of a sudden. The centaur hits you.
* * * LOW HITPOINT WARNING * * *
The centaur hits you.
You die...

#
###.#######.#
# #.# #.# #
#.# #.## #
#.# #..# ...#
# #.# ##.#
#..# # #.#
#.# #..# #
#.# #.# #.(#
#
#.########(#
#..# #
#.....c@.(#.#
#.$# #
##########.##
#..# # .#
####..# #
.#####.....#
#
...........#
#
######.#.#.#
#.
#######.#.#.#
...
............#
### #.#
#####..#.###


You could see a centaur.

Vanquished Creatures
  5 adders
  3 worms (D:2)
  2 dart slugs
  4 leopard geckos (D:2)
  An orc (D:3)
  A giant cockroach (D:2)
  5 goblins
  7 hobgoblins
  11 kobolds
  3 quokkas
  2 ball pythons (D:2)
  14 bats
  10 rats
68 creatures vanquished.

Notes
Turn   | Place    | Note
-------+----------+-------------------------------------------
     0 | Abyss:1  | Jerry the Formicid Abyssal Knight began the quest for the Orb.
     0 | Abyss:1  | Reached XP level 1. HP: 18/18 MP: 2/2
    64 | Abyss:1  | Noticed a sun demon
    71 | Abyss:2  | Found a corrupted altar of Lugonu.
    71 | Abyss:2  | Found a bloodstained altar of Trog.
    99 | Abyss:2  | Found a corrupted altar of Lugonu.
   103 | Abyss:2  | Found a bloodstained altar of Trog.
   108 | D:1      | Escaped the Abyss
   225 | D:1      | Reached XP level 2. HP: 18/24 MP: 3/3
   893 | D:1      | Reached XP level 3. HP: 24/29 MP: 4/4
   911 | D:1      | Reached ** piety under Lugonu
  1245 | D:2      | Found a bloodstained altar of Trog.
  1874 | D:2      | Reached XP level 4. HP: 33/35 MP: 6/6
  2471 | D:2      | Found a burning altar of Makhleb.
  2923 | D:2      | Reached XP level 5. HP: 41/41 MP: 7/7
  3199 | D:3      | You fall through a shaft!
  3199 | D:4      | Found Cavvimp's Antique Armour Emporium.
  3408 | D:3      | Noticed a centaur
  3419 | D:3      | HP: 2/41 [centaur (7)]
  3421 | D:3      | Slain by a centaur

Skill      XL: |  1  2  3  4 |
---------------+-------------+-----
Armour         | 3 |  3.7
Axes           | 3 |  3.4
Invocations    | 3 |  3.6
Fighting       | |  3.2
Dodging        | |  0.8

Action                   |  1- 3 |  4- 6 || total
-------------------------+-------+-------++-------
Melee: Hand axe          |   106 |   135 ||   241
 Abil: Dig               |     1 |       ||     1
  Use: Potion            |       |     3 ||     3
  Eat: Chunk             |     3 |     5 ||     8
Armor: Leather armour    |    26 |       ||    26
       Ring mail         |     3 |    57 ||    60
Dodge: Dodged            |    75 |    92 ||   167
